 Dungeon Crawl Stone Soup version 0.32-a0-818-gb728d0252e (webtiles) character file.

Game seed: 8604089488835848326

219 Goblin1989 the Ruffian (level 5, 0/41 HPs)
             Began as a Demonspawn Delver on Mar 24, 2024.
             Was a Follower of Dithmenos.
             Succumbed to an orc's poison
             ... on level 3 of the Dungeon.
             The game lasted 00:12:58 (2453 turns).

Goblin1989 the Ruffian (Demonspawn Delver)          Turns: 2453, Time: 00:12:59

Health: 0/41       AC:  9    Str: 15    XL:     5   Next: 64%
Magic:  5/5        EV:  9    Int: 10    God:    Dithmenos [*.....]
Gold:   121        SH:  4    Dex: 14    Spells: 4/4 levels left

rFire   . . .        a - +0 mace
rCold   . . .        o - +0 buckler
rNeg    . . .        p - +0 ring mail
rPois   .            (no helmet)
rElec   .            (no cloak)
rCorr   .            k - +2 pair of gloves
SInv    .            A - +0 pair of boots
Will    .....        w - amulet of regeneration
Stlth   +++          (no ring)
HPRegen 1.06/turn    (no ring)
MPRegen 0.09/turn

%: no passive effects
@: lethally poisoned (0 -> -5), wreathed by umbra
A: demonic touch 2, foul shadow 1
a: Renounce Religion


You were on level 3 of the Dungeon.
You worshipped Dithmenos.
Dithmenos was aware of your devotion.
You visited 1 branch of the dungeon, and saw 5 of its levels.

You collected 121 gold pieces.

Inventory:

Hand Weapons
 a - a +0 mace (weapon)
Missiles
 h - 2 javelins (quivered) {@Q3}
 t - 32 stones
Armour
 b - a +0 leather armour
 k - a +2 pair of gloves (worn)
 o - a +0 buckler (worn)
 p - a +0 ring mail (worn)
 A - a +0 pair of boots (worn)
Jewellery
 r - a ring of willpower
 w - an amulet of regeneration (around neck)
 x - the amulet "Itromet" {Spirit SInv}
   (You took it off a hobgoblin on level 2 of the Dungeon)

   [amulet of guardian spirit]

   Spirit:    It causes incoming damage to be divided between your reserves of
   health and magic.
   SInv:      It lets you see invisible.
Wands
 g - a wand of digging (3) {@v3}
Scrolls
 c - a scroll of fog
 e - a scroll of fear
 i - 2 scrolls of revelation
 j - 2 scrolls of identify {unknown}
 s - a scroll of enchant weapon {unknown}
 u - a scroll of torment {unknown}
 v - a scroll of enchant armour {unknown}
 y - a scroll of blinking {unknown}
 z - a scroll of immolation {unknown}
 B - a scroll of teleportation {unknown}
 D - a scroll of silence {unknown}
Potions
 l - 2 potions of invisibility {unknown}
 m - a potion of heal wounds {unknown}
 n - 2 potions of attraction {unknown}
 q - a potion of brilliance {unknown}
 C - a potion of enlightenment {unknown}


   Skills:
 - Level 3.0 Fighting
 - Level 2.5 Maces & Flails
 - Level 1.7 Dodging
 - Level 4.5 Stealth
 + Level 4.6 Unarmed Combat


You had 4 spell levels left.
You didn't know any spells.
Your spell library contained the following spells:

 Spells                   Type           Power      Damage    Failure   Level
 Necrotise                Necr           0%         1d4       71%         1
 Gell's Gravitas          Tloc           0%         N/A       97%         3
 Teleport Other           Tloc           0%         N/A       97%         3
 Vampiric Draining        Necr           0%         2d6       97%         3
 Martyr's Knell           Necr/Summ      0%         N/A       100%        4
 Curse of Agony           Necr           0%         N/A       100%        5
 Dispersal                Tloc           0%         N/A       100%        6


Dungeon Overview and Level Annotations

Branches:
Dungeon (5/15) Zot: 24757
 Temple: D:4-7

Altars:
Dithmenos
Fedhas

Shops:
D:1 (


Innate Abilities, Weirdness & Mutations

Your touch may inflict irresistible damage on your foes.
You are faintly shadowed, very rarely releasing foul flame when damaged in melee.


Message History

You feel less confused.
You hear some strange, mumbled words.
A puff of flame appears from out of thin air!
The puff of flame hits you.
You take 3 damage, and have 32/41 hp.
Something hits you.
Items here: $ )) [ †.
You take 2 damage, and have 30/41 hp.
You closely miss something. Something hits you but does no damage.
You miss something. You block something's attack.
You regained 2 hp, and now have 33/41 hp.
You sock something! Dithmenos accepts your kill.
Reactivating autopickup.
You feel a bit more experienced. The iguana misses you.
You completely miss the iguana.
The iguana is lightly wounded.
The iguana bites you but does no damage.
You hit the iguana.
The iguana is moderately wounded.
You block the iguana's attack.
You regained 2 hp, and now have 37/41 hp.
You hit the iguana.
The iguana is heavily wounded.
The iguana bites you but does no damage.
The iguana closely misses you.
You barely miss the iguana.
The iguana is heavily wounded.
The iguana bites you.
You take 1 damage, and have 37/41 hp.
You hit the iguana but do no damage.
The iguana is heavily wounded.
The iguana bites you but does no damage.
Press: ? - help, v - describe, . - travel
Here: an orc, wielding a +1 short sword of venom and wearing a +0 leather armour (umbra)
The floor.
You closely miss the iguana.
The iguana is heavily wounded.
The iguana barely misses you.
You hit the iguana.
The iguana is almost dead.
The iguana barely misses you.
The iguana hisses menacingly.
You block the iguana's attack.
Health restored: 41 You hit the iguana.
The iguana is almost dead.
The iguana barely misses you.
You barely miss the iguana.
The iguana is almost dead.
The iguana bites you.
You take 6 damage, and have 35/41 hp.
You hit the iguana but do no damage.
The iguana is almost dead.
The iguana bites you!
The iguana is seared by the foul flame within you!
You kill the iguana!
Dithmenos accepts your kill. The orc hits you but does no damage.
You are poisoned.
You take 9 damage, and have 26/41 hp.
MASSIVE DAMAGE!!
You barely miss the orc.
You feel very sick. The orc hits you but does no damage.
You are more poisoned.
You take 3 damage, and have 23/41 hp.
You hit the orc but do no damage.
You feel very sick. The orc closely misses you.
You take 3 damage, and have 20/41 hp.
You barely miss the orc.
You feel very sick. The orc barely misses you.
The orc hits you but does no damage.
You are more poisoned.
You take 3 damage, and have 17/41 hp.
You hit the orc.
The orc is severely wounded.
You feel very sick. You block the orc's attack.
You take 4 damage, and have 13/41 hp.
You barely miss the orc.
The orc is severely wounded.
You feel very sick. The orc hits you but does no damage.
You are more poisoned.
You take 3 damage, and have 10/41 hp.
You thump the orc!
You kill the orc!
Dithmenos accepts your kill.
* * * LOW HITPOINT WARNING * * *
You feel very sick. The orc hits you with a +0 flail.
* * * LOW HITPOINT WARNING * * *
The orc is seared by the foul flame within you.
The orc is severely wounded.
You take 8 damage, and have 2/41 hp.
You hit the orc.
You kill the orc!
Dithmenos accepts your kill.
You die...

.........████
█..█.......
█..█.█..█ .█
█.......█ ██. ...█
█.).....█ ...
█...█ █.██.██.█ ██
█...█
█...o...███████
█...█
████)███......████
█████...█████ █@█
█.███.....█
............. █.█
█.███.....█
............. █.█
█.█....)..█
.............
..███.█.█.....█
█████...██..
.........█.....█
█...█
██...........████
█...█ .█
█...████.████
█...█ .█ ▲...█
▲.██ ███...██.█
██..█ █..█


You could see an orc.

Vanquished Creatures
  Jessica (D:3)
  An iguana (D:3)
  2 orc wizards (D:3)
  5 adders
  A shadow imp (D:4)
  A dart slug (D:2)
  3 ribbon worms
  3 orcs (D:3)
  6 bats
  5 endoplasms
  2 giant cockroaches
  4 hobgoblins
  11 kobolds
  5 ball pythons
  3 frilled lizards
  3 goblins
  8 rats
64 creatures vanquished.

Notes
Turn   | Place    | Note
-------+----------+-------------------------------------------
     0 | D:5      | Goblin1989 the Demonspawn Delver began the quest for the
                  | Orb.
     0 | D:5      | Reached XP level 1. HP: 18/18 MP: 1/1
     2 | D:5      | Noticed an iguana
    70 | D:5      | Noticed a scorpion
   128 | D:4      | Found a shadowy altar of Dithmenos.
   146 | D:3      | Noticed an iguana
   155 | D:3      | Found a blossoming altar of Fedhas.
   185 | D:3      | Discovered your monstrous ancestry.
   185 | D:3      | Gained mutation: Your touch may inflict minor irresistible
                  | damage on your foes. [demonic ancestry]
   185 | D:3      | Reached XP level 2. HP: 7/24 MP: 2/2
   255 | D:2      | Found a shadowy altar of Dithmenos.
   271 | D:2      | Became a worshipper of Dithmenos the Shadowed
   469 | D:1      | Reached skill level 1 in Unarmed Combat
  1071 | D:1      | Reached XP level 3. HP: 28/29 MP: 3/3
  1259 | D:1      | Found Docecimm's Antique Weapon Shop.
  1402 | D:2      | Reached * piety under Dithmenos
  1438 | D:2      | Identified the amulet "Itromet" {Spirit SInv}
  1608 | D:2      | Gained mutation: You are faintly shadowed, very rarely
                  | releasing foul flame when damaged in melee. [demonic
                  | ancestry]
  1608 | D:2      | Reached XP level 4. HP: 24/35 MP: 4/4
  2382 | D:3      | Noticed Jessica
  2393 | D:3      | Killed Jessica
  2394 | D:3      | Gained mutation: Your touch may inflict irresistible damage
                  | on your foes. [demonic ancestry]
  2394 | D:3      | Reached XP level 5. HP: 30/41 MP: 5/5
  2452 | D:3      | HP: 2/41 [orc/+0 flail (4)]
  2453 | D:3      | Succumbed to an orc's poison

Illustrated notes

Levels and vault maps discovered:
D:1:      minmay_arrival_split_and_join, layout_basic, serial_shops,
          nicolae_shop_tiny_real_fake_doors, corner_web_ring
D:2:      layout_loops_cross, basic_altar
D:3:      corexii_shack_village, layout_loops_cross, fedhas_altar_2,
          lemuel_crystal_altar, uniq_jessica
D:4:      layout_rooms, grunt_dithmenos_smoke,
          minmay_temple_entry_gardened_gates
D:5:      layout_basic, mainiacjoe_overflow_alcove_2, portal_sewer_entry_d

Skill      XL: |  1  2  3  4  5 |
---------------+----------------+-----
Maces & Flails | 2 |  2.5
Unarmed Combat | 1 2 3 4 |  4.6
Fighting       | |  3.0
Dodging        | |  1.7
Stealth        | |  4.5

Action                     |  1- 3 |  4- 6 || total
---------------------------+-------+-------++-------
  Melee: Mace              |   117 |   128 ||   245
         Touch             |     2 |       ||     2
    Use: Scroll            |     1 |       ||     1
         Potion            |     1 |       ||     1
   Stab: Sleeping          |     7 |     4 ||    11
 Armour: Leather armour    |    22 |       ||    22
         Ring mail         |    41 |   109 ||   150
  Dodge: Dodged            |    64 |    63 ||   127
  Block: Buckler           |    12 |    36 ||    48

Table legend: (Time is in decaauts)
 A = Elapsed time spent in this place.
 B = Non-inter-level travel time spent in this place.
 C = Inter-level travel time spent in this place.
 D = Time resting spent in this place.
 E = Time spent auto-exploring this place.
 F = Levels seen in this place.
 G = Mean time per level.
                   A        B        C        D        E       F      G
               +--------+--------+--------+--------+--------+-----+--------+
         Total |   2515 |   2426 |     89 |     66 |   1529 |   5 |  503.0 |
       Dungeon |   2515 |   2426 |     89 |     66 |   1529 |   5 |  503.0 |
               +--------+--------+--------+--------+--------+-----+--------+

Top non-repeatable levels by time:
     D:1: 1030 daAuts
     D:2: 994 daAuts
     D:3: 353 daAuts
     D:5: 99 daAuts
     D:4: 38 daAuts
